 Dungeon Crawl Stone Soup version 0.24-a0-189-g5d897e9 (webtiles) character file.

Game seed: 15037437224254314212

256 prestonbroadus the Vandal (level 6, -5/41 HPs)
             Began as a Halfling Air Elementalist on Mar 16, 2019.
             Was a Follower of Nemelex Xobeh.
             Slain by a mummy (14 damage)
             ... in an ossuary.
             The game lasted 00:12:19 (3626 turns).

prestonbroadus the Vandal (HaAE)                    Turns: 3626, Time: 00:12:19

Health: -5/41      AC: 12    Str: 11    XL:     6   Next: 38%
Magic:  7/9        EV:  7    Int: 13    God:    Nemelex Xobeh [*.....]
Gold:   148        SH:  0    Dex: 15    Spells: 6/9 levels left

rFire    . . .     SeeInvis .   b - +0 hunting sling
rCold    . . .     Gourm    .   (shield restricted)
rNeg     . . .     Faith    .   r - +0 storm dragon scales
rPois    .         Spirit   .   (no helmet)
rElec    +         Reflect  .   n - +0 cloak
rCorr    .         Harm     .   (no gloves)
MR       .....                  s - +0 pair of boots
Stlth    ..........             (no amulet)
HPRegen  0.13/turn              (no ring)
MPRegen  0.11/turn              (no ring)

@: very slightly contaminated
A: small, mutation resistance 1
a: Draw Escape, Draw Destruction, Draw Summoning, Renounce Religion


You were in an ossuary.
You worshipped Nemelex Xobeh.
Nemelex Xobeh was aware of your devotion.
You were not hungry.

You visited 1 branch of the dungeon, and saw 4 of its levels.
You also visited: Ossuary.

You collected 148 gold pieces.

Inventory:

Hand Weapons
 a - a +2 dagger of venom
 b - a +0 hunting sling (weapon)
Missiles
 i - 14 arrows
 l - 2 tomahawks of returning
 m - 22 stones (quivered)
Armour
 n - a +0 cloak (worn)
 p - a +0 robe
 r - +0 storm dragon scales (worn)
 s - a +0 pair of boots (worn)
Scrolls
 e - a scroll of enchant armour {unknown}
 f - 2 scrolls of remove curse
 g - a scroll of amnesia {unknown}
 h - 2 scrolls of identify
 k - a scroll of immolation
 q - a scroll of teleportation {unknown}
Potions
 j - a potion of mutation {unknown}
 o - a potion of invisibility
Comestibles
 c - 3 rations


   Skills:
 - Level 2.8 Fighting
 + Level 1.5 Short Blades
 * Level 4.0 Slings
 * Level 0.9 Armour
 - Level 2.1 Dodging
 - Level 2.1 Stealth
 - Level 2.0 Spellcasting
 - Level 0.7 Conjurations
 - Level 3.7 Air Magic
 * Level 1.5 Invocations


You had 6 spell levels left.
You knew the following spells:

 Your Spells              Type           Power        Failure   Level  Hunger
a - Shock                 Conj/Air       #...         99%         1    ##.....
b - Swiftness             Chrm/Air       #.......     100%        2    ###....

Your spell library contained the following spells:

 Spells                   Type           Power        Failure   Level  Hunger
 Static Discharge         Conj/Air       #.......     100%        3    ####...
 Airstrike                Air            ##........   100%        4    #####..
 Lightning Bolt           Conj/Air       #.........   100%        5    ######.


Dungeon Overview and Level Annotations

Branches:
Dungeon (4/15)
 Temple: D:4-7

Altars:
Nemelex Xobeh

Annotations:
D:2 Terence
D:3 1 runed translucent door, Lanoc's ghost, amateur HaHu


Innate Abilities, Weirdness & Mutations

You are small and have problems with some larger weapons.
You are somewhat resistant to further mutation.


Message History

* * * LOW HITPOINT WARNING * * *
You are too injured to fight recklessly!
Casting: Shock (safe; 99% risk of failure)
Confirm with . or Enter, or press ? or * to list all spells.
Aiming: Shock (safe; 99% risk of failure)
Press: ? - help, Shift-Dir - straight line, f/p - mummy
Aim: a mummy (almost destroyed)
You miscast Shock.
You are very lightly contaminated with residual magic.
Your skin glows momentarily.
Casting: Shock (safe; 99% risk of failure)
Confirm with . or Enter, or press ? or * to list all spells.
Aiming: Shock (safe; 99% risk of failure)
Press: ? - help, Shift-Dir - straight line, f/p - mummy
Aim: a mummy (almost destroyed)
You miscast Shock.
There is a short, sharp shower of sparks.
The mummy hits you!
You die...
Your body glows slightly and disappears.

##....##
#.(..#
#.(..#
#....#
#....#
#(...#
#(...#
#(M..#
#.@∩.#
######


You could see a mummy.

Vanquished Creatures
  A hound zombie (D:2)
  5 mummies (Ossuary)
  7 gnolls
  3 adders
  2 oozes
  2 worms
  3 dart slugs
  2 leopard geckos (D:3)
  2 orcs (D:3)
  3 giant cockroaches
  3 goblins
  4 hobgoblins
  4 jackals (D:2)
  3 ball pythons (D:3)
  5 bats
  5 frilled lizards
  2 gnoll zombies (Ossuary)
  A hobgoblin zombie (Ossuary)
  8 kobolds
  A kobold zombie (Ossuary)
  4 orc zombies (Ossuary)
  5 rats
75 creatures vanquished.

Notes
Turn   | Place    | Note
-------+----------+-------------------------------------------
     0 | D:1      | prestonbroadus the Halfling Air Elementalist began the
                  | quest for the Orb.
     0 | D:1      | Reached XP level 1. HP: 11/11 MP: 3/3
   126 | D:1      | Reached XP level 2. HP: 17/18 MP: 1/4
   246 | D:1      | Reached skill level 1 in Fighting
   503 | D:1      | Learned a level 2 spell: Swiftness
   996 | D:2      | Reached XP level 3. HP: 23/23 MP: 1/5
  1254 | D:2      | Reached skill level 1 in Slings
  1329 | D:2      | Reached XP level 4. HP: 29/29 MP: 2/7
  1587 | D:2      | Reached skill level 2 in Slings
  1986 | D:2      | Reached XP level 5. HP: 31/35 MP: 4/8
  2141 | D:2      | Noticed Terence
  2416 | D:3      | Reached skill level 3 in Slings
  2715 | D:3      | Found a runed translucent door.
  2717 | D:3      | Noticed Lanoc's ghost (amateur HaHu)
  2835 | D:3      | Found a faded altar of an unknown god.
  2840 | D:3      | Became a worshipper of Nemelex Xobeh the Trickster
  2840 | D:3      | Received a gift from Nemelex Xobeh
  2840 | D:3      | Reached * piety under Nemelex Xobeh
  2840 | D:3      | Received a gift from Nemelex Xobeh
  2998 | D:3      | Reached skill level 1 in Short Blades
  3356 | D:4      | Found a sand-covered staircase.
  3362 | Ossuary  | Entered an ossuary
  3390 | Ossuary  | Reached XP level 6. HP: 41/41 MP: 9/9
  3413 | Ossuary  | Reached skill level 1 in Invocations
  3525 | Ossuary  | Reached skill level 4 in Slings
  3626 | Ossuary  | Slain by a mummy

Levels and vault maps discovered:
D:1:      scummos_arrival_hexagon, layout_basic, corexii_hall_statues_i,
          hex_intersection, hangedman_decor_push, minmay_misc_feat_four_crosses
D:2:      layout_basic, uniq_terence
D:3:      layout_basic, first_ration, chequers_ecumenical_altar_grove,
          ebering_ghost_sewer_d
D:4:      layout_rooms, okawaru_trees_1, enter_ossuary_1,
          chequers_serial_rivers_small_b
Ossuary:  ossuary_tomb_3

Skill      XL: |  1  2  3  4  5  6 |
---------------+-------------------+-----
Fighting       | 1 2 |  2.8
Slings         | 1 2 3 4 |  4.0
Spellcasting   | 2 |  2.0
Short Blades   | 1 |  1.5
Invocations    | 1 |  1.5
Armour         | |  0.9
Dodging        | |  2.1
Stealth        | |  2.1
Conjurations   | |  0.7
Air Magic      | |  3.7

Action                   |  1- 3 |  4- 6 || total
-------------------------+-------+-------++-------
Melee: Unarmed           |     6 |       ||     6
       Dagger            |     1 |    10 ||    11
 Fire: Hunting sling     |    18 |   209 ||   227
 Cast: Shock             |    39 |    35 ||    74
  Use: Scroll            |       |     4 ||     4
 Stab: Sleeping          |       |     1 ||     1
  Eat: Chunk             |     2 |     7 ||     9
       Ration            |       |     1 ||     1
Armor: Robe              |     1 |     9 ||    10
       Storm dragon scal |       |     2 ||     2
Dodge: Dodged            |    24 |    76 ||   100

Table legend:
 A = Non-vault XP
 B = Vault XP
 C = Vault XP percentage of total XP
 D = Non-vault monster count
 E = Vault monster count
 F = Vault count percentage of total count
                 A         B        C        D         E       F
            +---------+---------+-------+---------+---------+-------
      Total |     267 |      99 |  27.0 |      62 |      13 |  17.3
            +---------+---------+-------+---------+---------+-------
        D:1 |      30 |       0 |   0.0 |      15 |       0 |   0.0
        D:2 |     130 |       0 |   0.0 |      25 |       0 |   0.0
        D:3 |     107 |       0 |   0.0 |      22 |       0 |   0.0
    Ossuary |       0 |      99 | 100.0 |       0 |      13 | 100.0
            +---------+---------+-------+---------+---------+-------
